 Dungeon Sprint DCSS version 0.27-a0-1322-gfdffb62a71 (webtiles) character file.

Game seed: 3788547319181447256

1822 rocky1 the Blocker (level 9, -17/75 HPs)
             Began as a Formicid Fighter on June 23, 2021.
             Was a Priest of Cheibriados.
             Demolished by a cyclops (23 damage)
             ... in the Dungeon (Sprint IX: "|||||||||||||||||||||||||||||").
             The game lasted 00:03:54 (761 turns).

rocky1 the Blocker (Formicid Fighter)                Turns: 761, Time: 00:03:54

Health: -17/75     AC: 12    Str: 31    XL:     9   Next: 32%
Magic:  8/15       EV: 15    Int: 18    God:    Cheibriados [***...]
Gold:   0          SH: 13    Dex: 17    Spells: 8/8 levels left

rFire    . . .     SeeInvis +   l - +2 scimitar (holy)
rCold    . . .     Faith    .   c - +0 kite shield
rNeg     . . .     Spirit   .   n - +2 ring mail
rPois    .         Reflect  .   (helmet unavailable)
rElec    .         Harm     .   m - +0 cloak
rCorr    .         Rampage  .   (no gloves)
Will     .....                  (no boots)
Stlth    +.........             (no amulet)
HPRegen  0.22/turn              o - +3 ring of intelligence
MPRegen  0.14/turn              p - +2 ring of protection

@: mighty, very slow
A: permanent stasis, dig shafts and tunnels, antennae 3, four strong arms
a: Dig, Renounce Religion, Bend Time, Temporal Distortion


You were in the Dungeon.
You worshipped Cheibriados.
Cheibriados was most pleased with you.
You visited 1 branch

Inventory:

Hand Weapons
 k - a +2 morningstar of protection
 l - a +2 scimitar of holy wrath (weapon)
Armour
 c - a +0 kite shield (worn)
 m - a +0 cloak (worn)
 n - a +2 ring mail (worn)
Jewellery
 o - a +3 ring of intelligence (left hand)
 p - a +2 ring of protection (right hand)
Wands
 j - a wand of acid (10)
Scrolls
 i - 2 scrolls of amnesia
Potions
 e - 3 potions of curing
 g - 4 potions of magic


   Skills:
 + Level 8.9 Fighting
 + Level 8.5 Long Blades
 + Level 8.9 Armour
 + Level 6.9 Dodging
 + Level 10.4 Shields
 + Level 8.1 Invocations
 + Level 7.4 Evocations


You had 8 spell levels left.
You didn't know any spells.
Your spell library was empty.

Dungeon Overview and Level Annotations

Branches:
Dungeon (1/1)

Altars:
Cheibriados
Dithmenos
Elyvilon
Fedhas
Gozag
Hepliaklqana
Kikubaaqudgha
Makhleb
Nemelex Xobeh
Okawaru
Qazlal
Ru
Sif Muna
Trog
Uskayaw
Vehumet
Wu Jian
Xom
Yredelemnul
Zin
The Shining One
Beogh
Jiyva
Lugonu


Innate Abilities, Weirdness & Mutations

You cannot be hasted, slowed, berserked, paralysed or teleported.
You can dig through walls and to a lower floor.
You have a pair of large antennae on your head. (SInv)
Your four strong arms can wield two-handed weapons with a shield.


Message History

The fire elemental hits you. The fire elemental burns you!
* * * LOW HITPOINT WARNING * * *
The centaur warrior hits you!
* * * LOW HITPOINT WARNING * * *
The centaur warrior kicks you.
* * * LOW HITPOINT WARNING * * *
You closely miss the centaur warrior.
The centaur warrior is almost dead.
The fire elemental hits you. The fire elemental burns you!
* * * LOW HITPOINT WARNING * * *
You block the centaur warrior's attack. x2
Unknown command.
You slash the centaur warrior!
You kill the centaur warrior!
Cheibriados thoroughly appreciates the change of pace.
You can now warp the flow of time around you.
Cheibriados raises the support of your attributes as your movement slows.
You block the fire elemental's attack.
Your Long Blades skill increases to level 8!
Your Shields skill increases to level 10!
Your Invocations skill increases to level 8!
Your Evocations skill increases to level 7!
You have reached level 9!
Your experience leads to an increase in your attributes!
Your base attributes are Str 23, Int 8, Dex 10.
Increase (S)trength, (I)ntelligence, or (D)exterity?
You feel stronger.
Unknown command.
Okay, then.
You warp the flow of time around you!
Unknown command.
You feel better. The fire elemental misses you. You block the cyclops's attack.
You slice the cyclops!!
The cyclops is heavily wounded.
The fire elemental hits you. The fire elemental burns you!
* * * LOW HITPOINT WARNING * * *
You slash the cyclops!
The cyclops is almost dead.
You block the fire elemental's attack. The cyclops hits you!!
You die...

▓+▓
▓.▓
▓.▓
▓E▓
▓e▓
▓H▓
▓C▓
▓@▓
▓E▓
▓.▓
▓.▓
▓.▓
▓)▓
▓)▓
▓'▓
▓[▓


You could see a manticore, a cyclops, a deep elf pyromancer and 2 fire
elementals.

Vanquished Creatures
  A centaur warrior (D)
  A cyclops (D)
  A komodo dragon (D)
  2 wraiths (D)
  A centaur (D)
  A hound (D)
  An iguana (D)
  2 adders (D)
  A shadow imp (D)
  A ball python (D)
  A bat zombie (D)
  An endoplasm (D)
  3 bats (D)
17 creatures vanquished.

Vanquished Creatures (others)
  A kobold brigand (D)
  An orc wizard (D)
2 creatures vanquished.

Grand Total: 19 creatures vanquished

Notes
Turn   | Place    | Note
-------+----------+-------------------------------------------
     0 | D        | rocky1 the Formicid Fighter began the quest for the Orb.
     0 | D        | Reached XP level 1. HP: 18/18 MP: 1/1
     9 | D        | Reached skill level 4 in Shields
   119 | D        | Noticed a hound
   119 | D        | Noticed an iguana
   126 | D        | Reached skill level 1 in Dodging
   126 | D        | Reached XP level 2. HP: 20/25 MP: 2/2
   129 | D        | Reached skill level 5 in Shields
   129 | D        | Reached XP level 3. HP: 20/30 MP: 3/3
   141 | D        | Reached XP level 4. HP: 12/38 MP: 4/4
   148 | D        | Reached skill level 6 in Shields
   377 | D        | Found a snail-covered altar of Cheibriados.
   377 | D        | Found a shadowy altar of Dithmenos.
   377 | D        | Found a white marble altar of Elyvilon.
   377 | D        | Found a blossoming altar of Fedhas.
   377 | D        | Found an opulent altar of Gozag.
   378 | D        | Found a hazy altar of Hepliaklqana.
   379 | D        | Found a viscous altar of Jiyva.
   380 | D        | Found an ancient bone altar of Kikubaaqudgha.
   381 | D        | Became a worshipper of Cheibriados the Contemplative
   382 | D        | Found a corrupted altar of Lugonu.
   383 | D        | Found a burning altar of Makhleb.
   384 | D        | Found a sparkling altar of Nemelex Xobeh.
   385 | D        | Found an iron altar of Okawaru.
   386 | D        | Found a stormy altar of Qazlal.
   387 | D        | Found a sacrificial altar of Ru.
   388 | D        | Found a shimmering blue altar of Sif Muna.
   389 | D        | Found a bloodstained altar of Trog.
   390 | D        | Found a hide-covered altar of Uskayaw.
   391 | D        | Found a radiant altar of Vehumet.
   392 | D        | Found an ornate altar of the Wu Jian Council.
   393 | D        | Found a shimmering altar of Xom.
   394 | D        | Found a basalt altar of Yredelemnul.
   395 | D        | Found a glowing silver altar of Zin.
   396 | D        | Found a glowing golden altar of the Shining One.
   446 | D        | Noticed a wraith
   446 | D        | Noticed a centaur
   446 | D        | Noticed a kobold brigand
   446 | D        | Noticed a wraith
   453 | D        | Killed a wraith
   454 | D        | Reached skill level 5 in Fighting
   454 | D        | Reached skill level 5 in Long Blades
   454 | D        | Reached skill level 5 in Armour
   454 | D        | Reached skill level 7 in Shields
   454 | D        | Reached XP level 5. HP: 46/46 MP: 4/7
   454 | D        | Reached XP level 6. HP: 52/52 MP: 4/8
   461 | D        | Reached * piety under Cheibriados
   462 | D        | Reached skill level 8 in Shields
   470 | D        | Killed a wraith
   471 | D        | Reached skill level 5 in Dodging
   471 | D        | Reached skill level 5 in Invocations
   471 | D        | Reached XP level 7. HP: 28/60 MP: 6/10
   471 | D        | Reached ** piety under Cheibriados
   736 | D        | Noticed a manticore
   736 | D        | Noticed a cyclops
   736 | D        | Noticed a deep elf pyromancer
   736 | D        | Noticed a centaur warrior
   736 | D        | Noticed a komodo dragon
   736 | D        | Noticed a cyclops
   744 | D        | Killed a cyclops
   745 | D        | Reached skill level 9 in Shields
   745 | D        | Reached XP level 8. HP: 44/68 MP: 10/13
   750 | D        | Noticed a fire elemental
   750 | D        | Noticed a fire elemental
   750 | D        | Killed a komodo dragon
   758 | D        | Killed a centaur warrior
   758 | D        | Reached *** piety under Cheibriados
   759 | D        | Reached skill level 10 in Shields
   759 | D        | Reached XP level 9. HP: 9/75 MP: 11/15
   761 | D        | Demolished by a cyclops

Illustrated notes

Levels and vault maps discovered:
D:        linesprint [early_d, line_temple, items_1, d_10, items_2, lair_1,
          lair_end, items_3, orc_1, orc_end, items_4, d_15, swamp_1, shoals_1,
          snake_1, spider_1, d_20, vaults_1, items_5, swamp_end, shoals_end,
          snake_end, spider_end, vaults_end, d_27, items_6, zot_1, zot_end,
          crypt_end, forest_end, elf_end, slime_end, tomb_end, abyss_end,
          pan_hell_end]

Skill      XL: |  1  2  3  4  5  6  7  8 |
---------------+-------------------------+-----
Shields        | 4 5 7 8 9 10 | 10.4
Long Blades    | 3 4 5 6 7 8 |  8.5
Dodging        | 1 2 3 5 6 |  6.9
Fighting       | 4 5 7 8 |  8.9
Armour         | 4 5 7 8 |  8.9
Invocations    | 3 5 6 8 |  8.1
Evocations     | 3 4 6 7 |  7.4

Action                   |  1- 3 |  4- 6 |  7- 9 || total
-------------------------+-------+-------+-------++-------
Melee: Long sword        |    30 |     7 |       ||    37
       Scimitar          |       |    22 |    19 ||    41
Invok: Temporal Distorti |       |       |     1 ||     1
  Use: Potion            |       |     1 |     6 ||     7
Armor: Scale mail        |    13 |     4 |       ||    17
       Ring mail         |       |     8 |     8 ||    16
Dodge: Dodged            |    23 |    12 |    11 ||    46
Block: Kite shield       |    10 |    12 |    20 ||    42
       Rpst.: Long sword |    13 |     1 |       ||    14
       Scimitar          |       |     2 |       ||     2

Table legend: (Time is in decaauts)
 A = Elapsed time spent in this place.
 B = Non-inter-level travel time spent in this place.
 C = Inter-level travel time spent in this place.
 D = Time resting spent in this place.
 E = Time spent auto-exploring this place.
 F = Levels seen in this place.
 G = Mean time per level.
                   A        B        C        D        E       F      G
               +--------+--------+--------+--------+--------+-----+--------+
         Total |    794 |    794 |      0 |    574 |      0 |   1 |  794.0 |
       Dungeon |    794 |    794 |      0 |    574 |      0 |   1 |  794.0 |
               +--------+--------+--------+--------+--------+-----+--------+

Top non-repeatable levels by time:
       D: 794 daAuts
